 Dungeon Crawl Stone Soup version 0.31-a0-1576-ga3383bade6 (webtiles) character file.

Game seed: 14254586391381275377

329 raph the Slasher (level 6, -1/53 HPs)
             Began as a Gnoll Cinder Acolyte on Jan 4, 2024.
             Was a High Priest of Ignis.
             Killed from afar by Natasha (6 damage)
             ... with a magic dart
             ... on level 3 of the Dungeon.
             The game lasted 00:03:11 (2299 turns).

raph the Slasher (Gnoll Cinder Acolyte)             Turns: 2299, Time: 00:03:11

Health: -1/53      AC:  3    Str: 13    XL:     6   Next: 50%
Magic:  11/11      EV: 11    Int: 14    God:    Ignis [*****.]
Gold:   66         SH:  0    Dex:  9    Spells: 10/12 levels left

rFire   + . .        a - +0 falchion (flame)
rCold   . . .        (no shield)
rNeg    . . .        m - +0 leather armour
rPois   .            (no helmet)
rElec   .            (no cloak)
rCorr   .            (no gloves)
SInv    .            (no boots)
Will    .....        (no amulet)
Stlth   +            (no ring)
HPRegen 0.28/turn    (no ring)
MPRegen 0.12/turn

%: no passive effects
@: confused, ambrosia-drunk, slowed, very slow
A: fangs 1, strong nose, distributed training
a: Renounce Religion, Fiery Armour, Foxfire Swarm, Rising Flame


You were on level 3 of the Dungeon.
You worshipped Ignis.
Ignis was extremely pleased with you.
You visited 1 branch of the dungeon, and saw 3 of its levels.

You collected 66 gold pieces.

Inventory:

Hand Weapons
 a - a +0 falchion of flaming (weapon)
Missiles
 q - 2 poisoned darts
Armour
 b - a +0 robe
 f - a +0 chain mail
 m - a +0 leather armour (worn)
Jewellery
 h - a ring of resist corrosion
Wands
 o - a wand of flame (15)
 p - a wand of paralysis (11)
Scrolls
 d - a scroll of vulnerability
 t - a scroll of amnesia
Potions
 c - 2 potions of haste
 e - a potion of ambrosia
 g - a potion of might {unknown}
 i - a potion of lignification {unknown}
 j - a potion of brilliance {unknown}
 k - 4 potions of curing {unknown}
 l - 2 potions of mutation {unknown}
 r - a potion of degeneration {unknown}


   Skills:
 + Level 6.9 Fighting
 + Level 2.1 Short Blades
 + Level 6.9 Long Blades
 + Level 2.1 Axes
 + Level 2.1 Maces & Flails
 + Level 2.1 Polearms
 + Level 2.1 Staves
 + Level 2.1 Ranged Weapons
 + Level 2.1 Throwing
 + Level 2.1 Armour
 + Level 2.1 Dodging
 + Level 2.1 Stealth
 + Level 2.1 Shields
 + Level 2.1 Unarmed Combat
 + Level 3.5 Spellcasting
 + Level 1.6 Conjurations
 + Level 1.6 Hexes
 + Level 1.6 Summonings
 + Level 1.6 Necromancy
 + Level 1.6 Translocations
 + Level 5.7 Fire Magic
 + Level 1.6 Ice Magic
 + Level 1.6 Air Magic
 + Level 1.6 Earth Magic
 + Level 1.6 Alchemy
 + Level 2.3 Invocations
 + Level 2.1 Evocations
 + Level 1.9 Shapeshifting


You had 10 spell levels left.
You knew the following spells:

 Your Spells              Type           Power      Damage    Failure   Level
a - Scorch                Fire           36%        2d6       3%          2

Your spell library contained the following spells:

 Spells                   Type           Power      Damage    Failure   Level


Dungeon Overview and Level Annotations

Branches:
Dungeon (3/15)

Altars:

Annotations:
D:3 2 transporters, Natasha; senseless's ghost, amateur HOFi


Innate Abilities, Weirdness & Mutations

You have very sharp teeth.
Your uncanny sense of smell can sniff out nearby items.
Your experience applies equally to all skills.


Message History

Casting: Scorch (safe; 3% risk of failure)
Confirm with . or Enter, or press ? or * to list all spells.
Flames lash the cerulean imp.
The cerulean imp is heavily wounded.
The cerulean imp's fire resistance burns away.
Natasha closely misses you. The cerulean imp barely misses you.
The cerulean imp hits you from afar with a +1 spear.
Casting: Scorch (safe; 3% risk of failure)
Confirm with . or Enter, or press ? or * to list all spells.
Flames lash the cerulean imp.
The cerulean imp is burned terribly!
You kill the cerulean imp!
The cerulean imp disappears in a puff of smoke!
Natasha barely misses you.
The cerulean imp hits you from afar with a +1 spear.
Natasha casts a spell at you. The magic dart hits you!
The cerulean imp barely misses you.
You hit Natasha. You burn Natasha.
Natasha is severely wounded.
Natasha is no longer more vulnerable to fire.
Natasha claws you.
* * * LOW HITPOINT WARNING * * *
The cerulean imp closely misses you.
You barely miss Natasha.
Natasha is severely wounded.
Natasha stares at you and mumbles some strange words.
The magic dart hits you.
* * * LOW HITPOINT WARNING * * *
The cerulean imp hits you from afar with a +1 spear.
* * * LOW HITPOINT WARNING * * *
You are confused.
You feel invigorated. Natasha casts a spell at you. The magic dart hits you.
* * * LOW HITPOINT WARNING * * *
The cerulean imp hits you from afar with a +1 spear.
* * * LOW HITPOINT WARNING * * *
Natasha casts a spell at you. The magic dart hits you.
You die...
Natasha begins licking her fur clean.

..##.#...............# ###.##...#
#....####..#....##### #....##...
#....##....#......#### #....#...#
...†.)#.#.........#..######.#..##
##.#....#.........#....#....#..##
..††....#.#####.#.##.#.#.########
...[...........5.....#...##......
.#.#####.#.####..####....)...####
.#.......#.##...@h...........#
.#########.##.######.........# ##
#.##....###.........#
######.####..#...........#
##....#.# #.##.##.....(..#
#.......####.##.##........#
##.##.#####......##........#
#..†..............#........#
#..........©.......#########


You could see Natasha and a cerulean imp (summoned).

Vanquished Creatures
  Grinder (D:3)
  Natasha (twice) (D:3)
  3 adders
  A ribbon worm (D:2)
  A dart slug (D:1)
  6 ball pythons
  9 bats
  4 endoplasms (D:1)
  3 giant cockroaches (D:1)
  4 goblins
  7 hobgoblins
  2 kobolds
  A quokka (D:3)
  2 frilled lizards
  6 rats
52 creatures vanquished.

Vanquished Creatures (others)
  18 foxfires (D:3)
18 creatures vanquished.

Grand Total: 70 creatures vanquished

Notes
Turn   | Place    | Note
-------+----------+-------------------------------------------
     0 | D:1      | raph the Gnoll Cinder Acolyte began the quest for the Orb.
     0 | D:1      | Reached XP level 1. HP: 23/23 MP: 4/4
   142 | D:1      | Reached XP level 2. HP: 28/29 MP: 5/5
   188 | D:1      | Noticed a glass eye
   190 | D:1      | Found a faded altar of an unknown god.
   192 | D:1      | Noticed a golden eye
   207 | D:1      | Noticed an eye of devastation
   223 | D:1      | Noticed a great orb of eyes
   248 | D:1      | Learned a level 2 spell: Scorch
   589 | D:1      | Reached XP level 3. HP: 35/35 MP: 7/7
   786 | D:1      | Reached skill level 1 in Invocations
  1239 | D:2      | Reached skill level 1 in Short Blades
  1239 | D:2      | Reached skill level 1 in Axes
  1239 | D:2      | Reached skill level 1 in Maces & Flails
  1239 | D:2      | Reached skill level 1 in Polearms
  1239 | D:2      | Reached skill level 1 in Staves
  1239 | D:2      | Reached skill level 1 in Ranged Weapons
  1239 | D:2      | Reached skill level 1 in Throwing
  1239 | D:2      | Reached skill level 1 in Armour
  1239 | D:2      | Reached skill level 1 in Dodging
  1239 | D:2      | Reached skill level 1 in Stealth
  1239 | D:2      | Reached skill level 1 in Shields
  1239 | D:2      | Reached skill level 1 in Unarmed Combat
  1239 | D:2      | Reached skill level 1 in Evocations
  1620 | D:3      | Reached skill level 1 in Shapeshifting
  1620 | D:3      | Reached XP level 4. HP: 28/41 MP: 2/8
  1848 | D:3      | Noticed Grinder
  1850 | D:3      | Paralysed by Grinder for 3 turns
  1859 | D:3      | Killed Grinder
  1860 | D:3      | Reached skill level 1 in Conjurations
  1860 | D:3      | Reached skill level 1 in Hexes
  1860 | D:3      | Reached skill level 1 in Summonings
  1860 | D:3      | Reached skill level 1 in Necromancy
  1860 | D:3      | Reached skill level 1 in Translocations
  1860 | D:3      | Reached skill level 1 in Ice Magic
  1860 | D:3      | Reached skill level 1 in Air Magic
  1860 | D:3      | Reached skill level 1 in Earth Magic
  1860 | D:3      | Reached skill level 1 in Alchemy
  1860 | D:3      | Reached XP level 5. HP: 15/47 MP: 1/10
  1860 | D:3      | Reached XP level 6. HP: 17/53 MP: 1/11
  2044 | D:3      | Noticed Natasha
  2055 | D:3      | Killed Natasha
  2147 | D:3      | Noticed Natasha
  2150 | D:3      | Noticed an ice beast
  2153 | D:3      | Killed Natasha
  2243 | D:3      | Found a transporter.
  2243 | D:3      | Noticed senseless's ghost (amateur HOFi)
  2247 | D:3      | Found a transporter.
  2288 | D:3      | Noticed Natasha
  2299 | D:3      | Killed from afar by Natasha

Illustrated notes

Levels and vault maps discovered:
D:1:      nicolae_arrival_somewhat_less_tricky_arrival, layout_loops_ring,
          hellmonk_ecumenical_altar_watching_god
D:2:      layout_basic, cheibrodos_gnoll_hut
D:3:      layout_basic, gammafunk_ghost_arena, uniq_grinder,
          uniq_crazy_yiuf_cottage, uniq_natasha

Skill      XL: |  1  2  3  4  5  6 |
---------------+-------------------+-----
Invocations    | 1 2 |  2.3
Short Blades   | 1 2 |  2.1
Axes           | 1 2 |  2.1
Maces & Flails | 1 2 |  2.1
Polearms       | 1 2 |  2.1
Staves         | 1 2 |  2.1
Ranged Weapons | 1 2 |  2.1
Throwing       | 1 2 |  2.1
Armour         | 1 2 |  2.1
Dodging        | 1 2 |  2.1
Stealth        | 1 2 |  2.1
Shields        | 1 2 |  2.1
Unarmed Combat | 1 2 |  2.1
Evocations     | 1 2 |  2.1
Spellcasting   | 3 |  3.5
Shapeshifting  | 1 |  1.9
Conjurations   | 1 |  1.6
Hexes          | 1 |  1.6
Summonings     | 1 |  1.6
Necromancy     | 1 |  1.6
Translocations | 1 |  1.6
Ice Magic      | 1 |  1.6
Air Magic      | 1 |  1.6
Earth Magic    | 1 |  1.6
Alchemy        | 1 |  1.6
Fighting       | |  6.9
Long Blades    | |  6.9
Fire Magic     | |  5.7

Action                     |  1- 3 |  4- 6 || total
---------------------------+-------+-------++-------
  Melee: Falchion          |    87 |    33 ||   120
         Bite              |     6 |       ||     6
         Punch             |     1 |       ||     1
   Cast: Scorch            |     4 |    12 ||    16
 Invoke: Foxfire Swarm     |       |     1 ||     1
         Fiery Armour      |       |     1 ||     1
    Use: Scroll            |     4 |     4 ||     8
         Potion            |       |     1 ||     1
   Stab: Sleeping          |     1 |       ||     1
 Armour: Robe              |    31 |       ||    31
         Chain mail        |     6 |       ||     6
         Leather armour    |    14 |    26 ||    40
  Dodge: Dodged            |    51 |    30 ||    81

Table legend: (Time is in decaauts)
 A = Elapsed time spent in this place.
 B = Non-inter-level travel time spent in this place.
 C = Inter-level travel time spent in this place.
 D = Time resting spent in this place.
 E = Time spent auto-exploring this place.
 F = Levels seen in this place.
 G = Mean time per level.
                   A        B        C        D        E       F      G
               +--------+--------+--------+--------+--------+-----+--------+
         Total |   2299 |   2221 |     78 |    492 |   1279 |   3 |  766.3 |
       Dungeon |   2299 |   2221 |     78 |    492 |   1279 |   3 |  766.3 |
               +--------+--------+--------+--------+--------+-----+--------+

Top non-repeatable levels by time:
     D:1: 881 daAuts
     D:2: 716 daAuts
     D:3: 701 daAuts
